 Dungeon Crawl Stone Soup version 0.21.0 (webtiles) character file.

251783 dstrtn the Impaler (level 18, -7/155 HPs)
             Began as a Centaur Summoner on Jan 6, 2018.
             Was the Champion of Jiyva (penitent).
             Mangled by a jiangshi (10 damage)
             ... led by a vampire mage
             ... on level 1 of the Depths on Jan 7, 2018.
             The game lasted 05:39:57 (51189 turns).

dstrtn the Impaler (Centaur Summoner)              Turns: 51189, Time: 05:39:58

Health: -7/155     AC: 33    Str: 13    XL:     18   Next: 45%
Magic:  27/27      EV:  8    Int: 25    God:    Jiyva [*]
Gold:   78         SH:  3    Dex: 14    Spells: 1/29 levels left

rFire    + + +     SeeInvis +   s - +3 Elemental Staff {rElec rF++ rC++ MR++ AC+5}
rCold    + + .     Gourm    .   (no shield)
rNeg     . . .     Faith    .   K - +5 ring mail "Boozxova" {MR+ Str+3}
rPois    +         Spirit   .   x - +2 hat {SInv}
rElec    +         Reflect  +   Z - +2 cloak {rPois}
rCorr    .         Harm     .   r - +0 pair of gloves "Cattatos" {rElec rPois SInv}
MR       +++++                  B - +1 centaur barding of Too Many Cooks {rF+ Int+3}
Stlth    +.........             I - +3 amulet of reflection
HPRegen  0.35/turn              p - +5 ring of protection
MPRegen  0.20/turn              P - ring of the Mage {Wiz MR++ Int+3}

@: hasted, quick
A: large, hooves 3, deformed body, speed 2, tough skin 3, acidic bite, eyeballs
3, translucent skin 1, tendrils
}: 3/15 runes: decaying, slimy, gossamer
a: Renounce Religion


You were on level 1 of the Depths.
You worshipped Jiyva.
Jiyva was demanding penance.
You were completely stuffed.

You visited 9 branches of the dungeon, and saw 42 of its levels.
You visited 1 bazaar.
You also visited: Labyrinth, Trove and Ice Cave.

You collected 2666 gold pieces.
You spent 2588 gold pieces at shops.

Inventory:

Hand Weapons
 a - a +6 demon trident of draining
 s - the +3 Elemental Staff (weapon) {rElec rF++ rC++ MR++ AC+5}
   (You found it on level 5 of the Pits of Slime)

   It affects your AC (+5).
   It greatly protects you from fire.
   It greatly protects you from cold.
   It insulates you from electricity.
   It affects your resistance to hostile enchantments.
 w - a +2 arbalest of flaming
 N - the +5 bardiche of Ciclent {flame, rC- Str+2 SInv}
   (You found it on level 13 of the Dungeon)

   It has been specially enchanted to burn those struck by it, causing extra
   injury to most foes and up to half again as much damage against particularly
   susceptible opponents.
   Big, fiery blades are also staple armaments of hydra-hunters.
   It affects your strength (+2).
   It makes you vulnerable to cold.
   It lets you see invisible.
Missiles
 d - 704 bolts
 o - 417 arrows
 q - 533 stones (quivered)
 y - 4 throwing nets {!f}
Armour
 n - a +1 large shield of fire resistance
 r - the +0 pair of gloves "Cattatos" (worn) {rElec rPois SInv}
   (You found it in a treasure trove)

   It insulates you from electricity.
   It protects you from poison.
   It lets you see invisible.
 x - a +2 hat of see invisible (worn)
 z - the +1 buckler "Ucocougo" {*Corrode rF++}
   (You found it in a treasure trove)

   It greatly protects you from fire.
   It may corrode you when you take damage.
 B - the +1 centaur barding of Too Many Cooks (worn) {rF+ Int+3}
   (You found it in a treasure trove)

   It affects your intelligence (+3).
   It protects you from fire.
 H - +4 fire dragon scales {Xtahua}
 K - the +5 ring mail "Boozxova" (worn) {MR+ Str+3}
   (You found it in a treasure trove)

   It affects your strength (+3).
   It affects your resistance to hostile enchantments.
 Z - a +2 cloak of poison resistance (worn)
Jewellery
 e - the ring of Uwkibb {rElec MR+ Int+2}
   (You bought it in a shop on level 2 of the Orcish Mines)

   [ring of protection from magic]

   It affects your intelligence (+2).
   It insulates you from electricity.
   It affects your resistance to hostile enchantments.
 p - a +5 ring of protection (left hand)
 I - a +3 amulet of reflection (around neck)
 P - the ring of the Mage (right hand) {Wiz MR++ Int+3}
   (You found it on level 13 of the Dungeon)

   [ring of wizardry]

   It improves your spell success rate.
   It affects your intelligence (+3).
   It affects your resistance to hostile enchantments.
Wands
 t - a wand of paralysis (32)
 R - a wand of enslavement (43)
 S - a wand of disintegration (17)
 V - a wand of digging (18)
Scrolls
 i - 2 scrolls of silence
 j - 7 scrolls of fog
 k - 5 scrolls of amnesia
 m - 2 scrolls of fear
 u - 10 scrolls of teleportation
 v - 5 scrolls of blinking
 D - 4 scrolls of identify
 E - a scroll of remove curse
 L - 3 scrolls of enchant armour
 U - 2 scrolls of magic mapping
Potions
 f - 2 potions of agility
 g - 3 potions of brilliance
 h - 2 potions of flight
 A - 3 potions of mutation {!q}
 C - 8 potions of curing
 G - a potion of might
 M - 2 potions of resistance {!q}
 O - 2 potions of lignification {!q}
Books
 Q - a book of Fire

   Spells                             Type                      Level
   a - Ignite Poison                  Fire/Transmutation/Poison    3
   b - Fireball                       Conjuration/Fire             5
   c - Bolt of Fire                   Conjuration/Fire             6
   d - Ring of Flames                 Charms/Fire                  7
   e - Ignition                       Fire                         8
 T - a book of the Sky

   Spells                             Type                      Level
   a - Summon Lightning Spire         Summoning/Air                4
   b - Silence                        Hexes/Air                    5
   c - Deflect Missiles               Charms/Air                   6
   d - Conjure Ball Lightning         Conjuration/Air              6
   e - Tornado                        Air                          9
 W - a book of Annihilations

   Spells                             Type                      Level
   a - Poison Arrow                   Conjuration/Poison           6
   b - Chain Lightning                Conjuration/Air              8
   c - Lehudib's Crystal Spear        Conjuration/Earth            8
   d - Glaciate                       Conjuration/Ice              9
   e - Fire Storm                     Conjuration/Fire             9
Miscellaneous
 b - a fan of gales (inert)
 J - a phial of floods (inert)
 X - a lightning rod (2/4) {!a}
 Y - a lamp of fire (inert)
Comestibles
 c - 24 rations


   Skills:
 + Level 12.5 Fighting
 + Level 18.2(18.7) Polearms
 - Level 8.6(14.5) Staves
 - Level 4.5 Armour
 - Level 4.0 Dodging
 - Level 1.1 Stealth
 - Level 2.4 Shields
 - Level 6.0 Spellcasting
 - Level 6.0 Conjurations
 - Level 11.0 Summonings
 - Level 5.1 Translocations
 - Level 4.1 Transmutations
 - Level 5.0 Fire Magic
 - Level 5.0 Ice Magic
 - Level 6.0 Air Magic
 - Level 2.0 Poison Magic
 - Level 7.0 Evocations


You had one spell level left.
You knew the following spells:

 Your Spells              Type           Power        Failure   Level  Hunger
b - Summon Ice Beast      Ice/Summ       #####...     2%          4    ###....
c - Call Canine Familiar  Summ           ######..     1%          3    None
f - Fireball              Conj/Fire      #####.....   16%         5    #####..
g - Passage of Golubria   Tloc           N/A          7%          4    ###....
i - Ignite Poison         Fire/Tmut/Pois ####....     4%          3    None
l - Blink                 Tloc           N/A          1%          2    None
m - Mephitic Cloud        Conj/Pois/Air  ####....     2%          3    None
x - Summon Lightning Spi  Summ/Air       ######..     1%          4    ###....


Dungeon Overview and Level Annotations

Branches:
Dungeon (15/15)            Temple (1/1) D:7            Lair (6/6) D:8
  Swamp (4/4) Lair:3       Spider (4/4) Lair:4        Slime (5/5) Lair:5
    Orc (2/2) D:9             Elf (0/3) Orc:2        Vaults (4/5) D:14
  Crypt (0/3) Vaults:2     Depths (1/5) D:15

Altars:
Ashenzari
Cheibriados
Dithmenos
Elyvilon
Fedhas
Gozag
Hepliaklqana
Kikubaaqudgha
Makhleb
Nemelex Xobeh
Okawaru
Qazlal
Ru
Sif Muna
Trog
Uskayaw
Vehumet
Wu Jian
Xom
Yredelemnul
Zin
The Shining One
Beogh
Jiyva

Shops:
Orc:1 [*(   Orc:2 *[(((=*

Annotations:
D:1 exclusion: downstairs
Lair:6 2 runed doors fire dragon
Slime:5 Royal Jelly


Innate Abilities, Weirdness & Mutations

You have hooves in place of feet.
Armour fits poorly on your strangely shaped body.
You cover ground very quickly.
You have extremely tough skin. (AC +3)
You have acidic saliva.
Your body is covered in golden eyes which may confuse attackers. (Acc +7, SInv)
Your translucent skin slightly reduces your foes' accuracy. (Stealth)
You are covered in slimy tendrils that may disarm your opponents.


Message History

Something claws your water elemental!! x2
The jiangshi splashes around in the water.
The jiangshi completely misses you.
Something claws your water elemental! x2
Your water elemental is destroyed!
Evoke which item? (* to show all) (? for menu, Esc to quit)
Okay, then.
Okay, then.
Evoke which item? (* to show all) (? for menu, Esc to quit)
A fierce wind blows from the fan.
The jiangshi is blown away by the wind.
Unknown command.
Okay, then.
Okay, then.
Really quaff
l - a potion of haste {!q}?
You feel yourself speed up.
The jiangshi claws you but does no damage. x2
The jiangshi claws you.
* * * LOW HITPOINT WARNING * * *
The jiangshi draws strength from your injuries!
The jiangshi claws you!
You die...

...........#.#
V...........##
..###Q...##..#
#..##.V.###.#*
#..#...(##.#*
....C...V..#
......###V###
..V..##*#...## ###
.....,*#.###.###@#
...#.,..#* ##.#V##
.......#* ##V##
..,....* ##.#
,,,...,**** #.#
,,,..,,,,,* ##
,,,,***,*,* ,,,**
*,*,* **** ***,*


You could see 2 jiangshi.

Vanquished Creatures
  4 tengu reavers
  A storm dragon (Vaults:1)
  2 emperor scorpions (Spider:4)
  A ghost moth (Spider:4)
  9 vault wardens
  9 ironheart preservers
  4 very ugly things
  3 stone giants
  3 entropy weavers
  Nessos (D:15)
  Azrael (Orc:2)
  A spark wasp (Spider:4)
  An ettin (Vaults:4)
  A death ooze (Depths:1)
  3 yaktaur captains
  2 fire dragons
  9 vault guards
  2 ice dragons (Vaults:3)
  6 hydras
  A death knight (D:15)
  3 centaur warriors
  A catoblepas (D:13)
  4 alligators
  2 ghost crabs
  3 ogre magi
  A tengu warrior (D:13)
  2 deep troll earth magi (Vaults:3)
  An orc high priest (Orc:2)
  10 two-headed ogres
  2 deep elf knights
  2 shadow wraiths
  6 skeletal warriors
  A death drake (Lair:5)
  2 flayed ghosts
  A deep troll (shapeshifter) (Vaults:3)
  2 spriggan druids (Swamp:4)
  6 deep trolls
  3 swamp dragons
  6 unseen horrors
  Pikel (D:8)
  A deep elf archer (Vaults:2)
  2 shambling mangroves
  11 ironbrand convokers
  A tengu zombie (Vaults:2)
  2 necromancers
  12 orb spiders
  29 ugly things
  2 orc sorcerers
  8 orc knights
  4 deep elf magi
  27 wolf spiders
  7 cyclopes
  A manticore (D:15)
  2 centaur zombies
  Maurice (D:11)
  2 black mambas
  3 elephants
  A fire giant skeleton (Vaults:2)
  11 vault sentinels
  A torpor snail (Spider:4)
  9 spiny frogs
  A centaur skeleton (D:15)
  7 freezing wraiths
  A kobold demonologist (D:15)
  2 rime drakes (IceCv)
  6 komodo dragons
  21 yaktaurs
  10 demonic crawlers
  5 tyrant leeches
  7 trolls
  The ghost of dscm the Geomancer, a novice GrEE of Ashenzari (D:6)
  3 meliai (Spider:2)
  16 jumping spiders
  A queen bee (Spider:2)
  14 hornets
  2 blink frogs
  A dream sheep (Lair:5)
  3 hippogriffs
  3 bog bodies
  A spriggan (Swamp:1)
  26 tarantellas
  44 redbacks
  A yak (shapeshifter) (D:15)
  18 yaks
  A human (shapeshifter) (Vaults:4)
  2 fire elementals (Orc:1)
  2 basilisks
  4 wraiths
  3 fire bats (D:11)
  A hog (shapeshifter) (Vaults:2)
  13 vampire mosquitoes
  4 hungry ghosts
  17 swamp worms
  7 wargs
  A soldier ant (shapeshifter) (D:15)
  An insubstantial wisp (Swamp:2)
  A warg (shapeshifter) (Vaults:3)
  A soldier ant (D:15)
  3 hell hounds
  6 water moccasins
  2 acid dragons (Vaults:1)
  5 porcupines
  24 orc warriors
  5 sky beasts
  8 swamp drakes
  10 ice beasts
  A human zombie (Vaults:2)
  2 wolves (Lair:3)
  5 phantoms
  9 boggarts
  18 ogres
  2 centaurs
  5 crocodiles
  Blork the orc (Orc:1)
  2 big kobolds
  A bullfrog (shapeshifter) (Vaults:4)
  A gnoll sergeant (Orc:1)
  12 bullfrogs
  A wyvern skeleton (D:14)
  A scorpion (D:10)
  13 killer bees
  2 electric eels (Spider:2)
  9 howler monkeys
  A vampire bat (D:11)
  4 crimson imps
  A hound (D:10)
  5 jellies
  2 bullfrog skeletons
  10 orc priests
  12 orc wizards
  A hell rat (D:11)
  5 iguanas
  10 worker ants
  A killer bee zombie (D:7)
  2 worker ant zombies
  6 gnolls
  6 adders
  2 river rats (D:11)
  3 shadow imps
  An ooze (D:5)
  2 adder zombies
  An adder skeleton (D:6)
  2 worms
  A dart slug (D:4)
  8 leopard geckos
  48 orcs
  A ball python (D:3)
  9 giant cockroaches
  A goblin (D:3)
  7 hobgoblins
  4 jackals
  11 kobolds
  3 quokkas
  9 bats
  4 frilled lizards
  A jackal skeleton (D:6)
  A jackal zombie (D:7)
  7 rats
852 creatures vanquished.

Vanquished Creatures (collateral kills)
  Mara (Vaults:3)
  Gastronok (Lair:1)
  A thorn hunter (Swamp:4)
  A vault warden (Vaults:1)
  An emperor scorpion (Spider:4)
  An ironheart preserver (Vaults:4)
  A war gargoyle (Vaults:2)
  3 stone giants
  3 entropy weavers
  A rakshasa (Vaults:2)
  A vault guard (Vaults:4)
  3 hydras
  An ogre mage (Vaults:3)
  A catoblepas (Lair:6)
  4 alligators
  6 two-headed ogres
  5 death yaks
  A deep troll shaman (Vaults:2)
  An orc high priest (Orc:2)
  Sonja (D:11)
  2 spriggans (Swamp:1)
  A shadow wraith (Vaults:1)
  The ghost of Nr616 the Cleaver, a novice MiBe of Trog (D:7)
  A deep elf archer (Vaults:2)
  A wizard (D:14)
  2 shambling mangroves (Swamp:3)
  A phantasmal warrior (D:15)
  2 swamp dragons (Swamp:4)
  An ironbrand convoker (Vaults:4)
  A lindwurm (Lair:6)
  The ghost of tidbits the Covert, a novice FeEE of Cheibriados (D:9)
  2 orc knights
  3 wolf spiders (Spider:4)
  A human zombie (Vaults:2)
  2 cyclopes
  An oklob plant (Lair:2)
  9 ugly things
  3 manticores
  2 deep elf magi (Vaults:2)
  A frost giant zombie (Vaults:2)
  3 elephants (Lair:4)
  5 black mambas
  5 torpor snails
  2 gargoyles (D:11)
  A molten gargoyle (Lair:6)
  4 spiny frogs
  4 komodo dragons
  A rime drake (Lair:6)
  3 freezing wraiths
  6 yaktaurs
  2 polar bears
  5 jumping spiders (Spider:3)
  A tyrant leech (Swamp:2)
  8 hornets
  2 trolls (Orc:2)
  Prince Ribbit (Lair:2)
  4 blink frogs
  A hippogriff (shapeshifter) (Vaults:1)
  3 bog bodies
  6 dream sheep (Lair:5)
  11 redbacks
  14 yaks
  A tarantella (Spider:3)
  A wyvern (Lair:2)
  2 basilisks
  2 fire elementals (Orc:1)
  2 vampire mosquitoes
  5 hungry ghosts (Lab)
  2 steam dragons (Lair:6)
  2 wargs (Orc:2)
  A swamp worm (Swamp:2)
  8 water moccasins
  5 hell hounds
  17 orc warriors
  A black bear (D:12)
  7 ice beasts (IceCv)
  A sky beast (D:8)
  3 wolves (Lair:5)
  9 ogres
  4 centaurs
  7 crocodiles
  10 bullfrogs
  A scorpion (D:9)
  A howler monkey (D:4)
  An electric eel (D:11)
  5 lava snakes (Lair:6)
  2 crimson imps
  2 centaur zombies
  A jelly (D:7)
  7 orc priests
  A bullfrog skeleton (D:11)
  A centaur skeleton (D:4)
  3 iguanas
  5 orc wizards
  3 worker ants
  A gnoll (D:5)
  10 adders
  2 oozes
  An adder skeleton (D:5)
  3 worms
  A dart slug (D:3)
  2 leopard geckos
  38 orcs
  3 bats
  A giant cockroach (D:3)
  A goblin (D:1)
  3 hobgoblins
  3 jackals
  4 kobolds
  A frilled lizard (D:11)
  2 fungi
  A plant (Lair:2)
368 creatures vanquished.

Vanquished Creatures (others)
  8 acid blobs
  A sphinx (Vaults:3)
  Roxanne (Spider:4)
  2 azure jellies
  A fire giant (Vaults:3)
  A deep elf sorcerer (Vaults:2)
  3 ironheart preservers
  4 great orbs of eyes
  6 death oozes
  3 hydras (Swamp:4)
  A ghost crab (Swamp:4)
  2 vault guards (Vaults:4)
  A two-headed ogre (D:15)
  2 centaur warriors
  An orc high priest (Orc:2)
  A glowing orange brain (Vaults:2)
  A skeletal warrior (D:14)
  A shadow wraith (Vaults:2)
  A swamp dragon (Swamp:4)
  3 ironbrand convokers
  A deep elf archer (Vaults:1)
  A wizard (Vaults:3)
  4 orc knights
  A shambling mangrove (Swamp:4)
  2 shining eyes (Slime:5)
  An orc sorcerer (Vaults:3)
  2 wolf spiders
  An orb spider (Spider:3)
  An ugly thing (D:13)
  A cyclops (D:13)
  A deep elf mage (Vaults:2)
  A vault sentinel (Vaults:2)
  A molten gargoyle (Lair:6)
  2 spiny frogs
  2 trolls
  48 slime creatures
  6 hornets
  A hippogriff (Lair:1)
  A bog body (Swamp:2)
  6 redbacks
  2 spriggans (Swamp:3)
  A wyvern (D:15)
  3 fire bats (Lair:6)
  A tarantella (Spider:4)
  2 yaks (shapeshifter)
  2 vampire mosquitoes (Swamp:1)
  4 swamp worms
  2 insubstantial wisps (Swamp:2)
  An acid dragon (Vaults:2)
  A water moccasin (Lair:4)
  An acid dragon (shapeshifter) (D:15)
  A porcupine (Lair:3)
  A swamp drake (Swamp:4)
  10 orc warriors
  A sky beast (D:13)
  2 slaves (D:8)
  An eye of draining (D:15)
  A necrophage (D:15)
  A phantom (D:12)
  5 boggarts
  3 ogres
  A wolf (Lair:3)
  A crocodile (Lair:1)
  6 centaurs
  4 bullfrogs
  3 killer bees (Spider:2)
  A crimson imp (D:12)
  4 orc priests
  217 jellies
  4 orc wizards (Orc:1)
  A hell rat (D:11)
  2 worker ants
  2 adders (D:12)
  2 river rats (D:11)
  A shadow imp (D:10)
  26 orcs
  6 hobgoblins (Orc:1)
  A quokka (D:12)
  6 rats (D:11)
  2 briar patches (Swamp:4)
  34 fungi
  8 plants
506 creatures vanquished.

Grand Total: 1726 creatures vanquished

Notes
Turn   | Place    | Note
-------+----------+-------------------------------------------
     0 | D:1      | dstrtn the Centaur Summoner began the quest for the Orb.
     0 | D:1      | Reached XP level 1. HP: 14/14 MP: 3/3
   512 | D:1      | Reached XP level 2. HP: 10/20 MP: 2/4
   534 | D:1      | Learned a level 2 spell: Call Imp
  1616 | D:1      | Reached XP level 3. HP: 27/27 MP: 2/5
  1664 | D:1      | Learned a level 3 spell: Call Canine Familiar
  1936 | D:2      | Reached skill level 1 in Fighting
  2697 | D:3      | Reached XP level 4. HP: 25/35 MP: 1/7
  3688 | D:4      | Reached skill level 5 in Summonings
  3688 | D:4      | Reached XP level 5. HP: 31/41 MP: 1/8
  3690 | D:4      | Reached skill level 1 in Polearms
  4107 | D:5      | Entered Level 5 of the Dungeon
  4220 | D:5      | Noticed an ogre
  4247 | D:5      | Killed an ogre
  4282 | D:5      | Noticed an ogre
  4294 | D:5      | Killed an ogre
  4294 | D:5      | Reached XP level 6. HP: 50/50 MP: 4/9
  4552 | D:5      | Reached skill level 2 in Polearms
  4865 | D:5      | Reached XP level 7. HP: 42/57 MP: 7/10
  5096 | D:6      | Noticed dscm's ghost (novice GrEE)
  5528 | D:6      | Killed dscm's ghost
  5771 | D:6      | Learned a level 4 spell: Summon Lightning Spire
  5899 | D:6      | Reached XP level 8. HP: 64/67 MP: 6/11
  5912 | D:6      | Reached skill level 1 in Air Magic
  6233 | D:6      | Found a glowing golden altar of the Shining One.
  6435 | D:6      | Reached skill level 5 in Fighting
  6799 | D:7      | Noticed Nr616's ghost (novice MiBe)
  7453 | D:7      | Killed Nr616's ghost
  7521 | D:7      | Reached XP level 9. HP: 66/75 MP: 7/12
  7661 | D:7      | Reached skill level 5 in Air Magic
  7720 | D:7      | Found a staircase to the Ecumenical Temple.
  7858 | Temple   | Entered the Ecumenical Temple
  8142 | D:8      | Got a pitted spear
  8147 | D:8      | Identified the cursed +1 spear of Doom {pierce, MR+ MP+9} (You found it on level 8 of the Dungeon)
  8782 | D:8      | Noticed Pikel
  8808 | D:8      | Killed Pikel
  8993 | D:8      | Found a staircase to the Lair.
  9084 | D:8      | Noticed a cyclops
  9246 | Lair:1   | Entered Level 1 of the Lair of Beasts
  9293 | Lair:1   | Noticed Gastronok
  9331 | Lair:1   | Noticed an eight-headed hydra
  9385 | Lair:1   | Noticed a spiny frog
  9391 | Lair:1   | Reached skill level 3 in Polearms
  9749 | Lair:3   | Found a staircase to the Swamp.
  9785 | Lair:3   | Noticed a four-headed hydra
  9802 | Lair:3   | Killed a four-headed hydra
  9921 | Lair:3   | Found a labyrinth entrance.
  9926 | Lab      | Entered a labyrinth
 10111 | Lab      | Reached skill level 4 in Polearms
 10664 | Lab      | Reached XP level 10. HP: 83/83 MP: 14/14
 10676 | Lab      | Learned a level 3 spell: Summon Guardian Golem
 10850 | Lab      | Noticed a minotaur
 11060 | Lair:4   | Reached skill level 5 in Polearms
 11118 | Lair:5   | Noticed a black mamba
 11124 | Lair:5   | Killed a black mamba
 11333 | Lair:5   | Reached skill level 1 in Evocations
 11464 | Lair:6   | Entered Level 6 of the Lair of Beasts
 11464 | Lair:6   | Noticed a spiny frog
 11469 | Lair:6   | Killed a spiny frog
 11476 | Lair:5   | Found a frozen archway.
 11549 | IceCv    | Entered an ice cave
 11838 | IceCv    | Noticed an ice statue
 11838 | IceCv    | Noticed an ice statue
 12253 | Lair:5   | Noticed Urug
 12273 | Lair:5   | Reached skill level 6 in Polearms
 12280 | Lair:5   | Noticed Urug
 12280 | Lair:5   | Urug changed into Urug the death drake
 12312 | Lair:5   | Killed Urug the death drake
 12312 | Lair:5   | Reached skill level 10 in Summonings
 13047 | Lair:5   | Found a staircase to the Slime Pits.
 13047 | Lair:5   | Found a viscous altar of Jiyva.
 13064 | Lair:5   | Reached skill level 7 in Polearms
 13067 | Lair:5   | Reached XP level 11. HP: 83/89 MP: 11/15
 13084 | Lair:5   | Became a worshipper of Jiyva Juckiuk the Shapeless
 13319 | Lair:5   | Reached * piety under Jiyva
 13826 | D:8      | Reached ** piety under Jiyva
 14608 | D:5      | Reached *** piety under Jiyva
 15477 | Lair:1   | Reached skill level 5 in Evocations
 15495 | Lair:1   | Found a snail-covered altar of Cheibriados.
 15669 | Lair:2   | Gained mutation: You are agile. (Dex +2) [Jiyva's grace]
 15952 | Lair:1   | Reached skill level 1 in Armour
 16170 | Lair:1   | Killed an eight-headed hydra
 16314 | Lair:1   | Killed Gastronok
 16520 | Lair:2   | Noticed Prince Ribbit
 16763 | Lair:2   | Noticed an oklob plant
 16807 | Lair:2   | Killed an oklob plant
 17399 | Lair:2   | Learned a level 4 spell: Summon Ice Beast
 17615 | Lair:2   | Killed Prince Ribbit
 17814 | Lair:3   | Gained mutation: You have a small jelly attached to you that senses nearby items. [Jiyva's grace]
 17880 | Lair:3   | Reached skill level 1 in Ice Magic
 18022 | Lair:3   | Reached **** piety under Jiyva
 18113 | Lair:3   | Reached skill level 8 in Polearms
 18669 | Lair:4   | Found a hole to the Spider Nest.
 19057 | Lair:4   | Lost mutation: You are agile. (Dex +2) [Jiyva's grace]
 19134 | Lair:5   | Reached XP level 12. HP: 69/100 MP: 10/18
 19411 | Lair:6   | Noticed a six-headed hydra
 19444 | Lair:6   | Killed a six-headed hydra
 19986 | Lair:6   | Noticed an eight-headed hydra
 20039 | Lair:6   | Killed an eight-headed hydra
 20239 | Lair:6   | Noticed a death yak
 20239 | Lair:6   | Noticed a death yak
 20240 | Lair:6   | Noticed a death yak
 20241 | Lair:6   | Noticed a death yak
 20265 | Lair:5   | Reached ***** piety under Jiyva
 20414 | Lair:6   | Noticed a death yak
 20455 | Lair:5   | Killed a death yak
 20455 | Lair:5   | Reached skill level 5 in Ice Magic
 20458 | Lair:5   | Gained mutation: You are resistant to hostile enchantments. (MR+) [Jiyva's grace]
 20683 | Lair:5   | Killed a death yak
 20690 | Lair:5   | Killed a death yak
 20690 | Lair:5   | Reached skill level 5 in Spellcasting
 20871 | Lair:6   | Killed a death yak
 20894 | Lair:6   | Killed a death yak
 21019 | Lair:6   | Reached skill level 9 in Polearms
 21020 | Lair:6   | Noticed a seven-headed hydra
 21027 | Lair:6   | Slimified a seven-headed hydra
 21027 | Lair:6   | Noticed an azure jelly
 21027 | Lair:6   | a seven-headed hydra changed into an azure jelly
 21724 | Lair:6   | Found a large runed door.
 21724 | Lair:6   | Found a large runed door.
 21744 | Lair:6   | Noticed a fire dragon
 22004 | Lair:6   | Noticed a catoblepas
 22058 | Lair:6   | Killed a catoblepas
 22405 | D:9      | Noticed tidbits's ghost (novice FeEE)
 22417 | D:9      | Killed tidbits's ghost
 22460 | D:9      | Lost mutation: You are resistant to hostile enchantments. (MR+) [Jiyva's grace]
 22513 | D:9      | Found a roughly hewn altar of Beogh.
 22513 | D:9      | Found a staircase to the Orcish Mines.
 22520 | D:9      | Reached ****** piety under Jiyva
 22571 | D:9      | Gained mutation: Your spells are a little harder to cast, but a little more powerful. [Jiyva's grace]
 22874 | D:9      | Found a glowing golden altar of the Shining One.
 23121 | Slime:1  | Entered Level 1 of the Pits of Slime
 23132 | Slime:2  | Noticed an azure jelly
 23145 | Slime:2  | Noticed an acid blob
 23154 | Slime:3  | Noticed an azure jelly
 23165 | Slime:5  | Entered Level 5 of the Pits of Slime
 23176 | Slime:5  | Noticed an acid blob
 23181 | Slime:5  | Noticed an acid blob
 23182 | Slime:5  | Noticed a great orb of eyes
 23183 | Slime:5  | Noticed an acid blob
 23184 | Slime:5  | Found a viscous altar of Jiyva.
 23184 | Slime:5  | Noticed an acid blob
 23184 | Slime:5  | Noticed a great orb of eyes
 23185 | Slime:5  | Noticed the Royal Jelly
 23185 | Slime:5  | Noticed an acid blob
 23188 | Slime:5  | Found the +3 Elemental Staff {rElec rF++ rC++ MR++ AC+5}
 23188 | Slime:5  | Lost mutation: You have a small jelly attached to you that senses nearby items. [Jiyva's grace]
 23192 | Slime:5  | Noticed an acid blob
 23192 | Slime:5  | Gained mutation: You are weak. (Str -2) [Jiyva's grace]
 23196 | Slime:5  | Identified Sif Muna's Incunabulum of Envenoming
 23206 | Slime:5  | Gained mutation: You have a small jelly attached to you that senses nearby items. [Jiyva's grace]
 23210 | Slime:5  | Noticed an acid blob
 23225 | Slime:5  | Noticed an acid blob
 23244 | Slime:5  | Got a slimy rune of Zot
 23269 | Slime:5  | Killed an acid blob
 23270 | Slime:5  | Learned a level 2 spell: Blink
 23277 | Slime:5  | Killed a death ooze
 23283 | Slime:5  | Killed an acid blob
 23291 | Slime:5  | Identified the amulet "Bualudal" {Harm *Drain MR+} (You found it on level 5 of the Pits of Slime)
 23299 | Slime:5  | Killed a great orb of eyes
 23310 | Slime:5  | Killed an acid blob
 23318 | Slime:5  | Noticed an azure jelly
 23347 | Slime:5  | Killed a great orb of eyes
 23537 | D:10     | Entered Level 10 of the Dungeon
 23625 | D:10     | Reached skill level 1 in Staves
 23719 | D:10     | Gained mutation: Your spells are harder to cast, but more powerful. [Jiyva's grace]
 23967 | D:10     | Noticed a two-headed ogre
 23972 | D:10     | Slimified a two-headed ogre
 23972 | D:10     | Noticed an azure jelly
 23972 | D:10     | a two-headed ogre changed into an azure jelly
 24487 | D:11     | Noticed an alligator
 24501 | D:11     | Reached XP level 13. HP: 101/111 MP: 4/20
 24652 | D:11     | Noticed Maurice
 24668 | D:11     | Killed Maurice
 24709 | D:11     | Reached skill level 5 in Staves
 24910 | D:11     | Noticed Sonja
 24917 | D:11     | Lost mutation: Your spells are harder to cast, but more powerful. [Jiyva's grace]
 24921 | D:11     | Killed Sonja
 25330 | D:11     | Reached skill level 1 in Translocations
 25358 | D:11     | Noticed Harold
 25477 | D:11     | Gained mutation: Your translucent skin slightly reduces your foes' accuracy. (Stealth) [Jiyva's grace]
 25639 | D:11     | Slimified Harold
 25639 | D:11     | Noticed Harold
 25639 | D:11     | Harold changed into Harold the slime creature
 26041 | D:12     | Gained mutation: You have acidic saliva. [Jiyva's grace]
 26360 | D:12     | Lost mutation: Your spells are a little harder to cast, but a little more powerful. [Jiyva's grace]
 26635 | Orc:1    | Entered Level 1 of the Orcish Mines
 26638 | Orc:1    | Found Fuon's Armour Shop.
 26812 | Orc:2    | Entered Level 2 of the Orcish Mines
 26865 | Orc:2    | Found Asismot's Weapon Shop.
 26970 | Orc:2    | Noticed Azrael
 27047 | Orc:2    | Noticed an orc warlord
 27062 | Orc:1    | Gained mutation: Your body has grown golden eyes which may confuse attackers. (Acc +3) [Jiyva's grace]
 27213 | Orc:1    | Gained mutation: You are agile. (Dex +2) [Jiyva's grace]
 27343 | Orc:1    | Slimified an orc warlord
 27343 | Orc:1    | Noticed an azure jelly
 27343 | Orc:1    | an orc warlord changed into an azure jelly
 27439 | Orc:1    | Gained mutation: You are very agile. (Dex +4) [Jiyva's grace]
 27587 | Orc:1    | Lost mutation: You are weak. (Str -2) [Jiyva's grace]
 27683 | Orc:2    | Killed Azrael
 27759 | Orc:1    | Reached skill level 5 in Translocations
 27761 | Orc:1    | Gained mutation: You are resistant to hostile enchantments. (MR+) [Jiyva's grace]
 27773 | Orc:1    | Found Nudus's General Store.
 27781 | Orc:1    | Bought a scroll of enchant armour for 120 gold pieces
 27781 | Orc:1    | Bought a scroll of blinking for 120 gold pieces
 27781 | Orc:1    | Bought a potion of heal wounds for 80 gold pieces
 27781 | Orc:1    | Bought a scroll of fog for 32 gold pieces
 27846 | Orc:1    | Gained mutation: You have a small jelly attached to you that may absorb incoming projectiles. [Jiyva's grace]
 28016 | Orc:1    | Found a radiant altar of Vehumet.
 28032 | Orc:1    | Noticed Blork the orc
 28043 | Orc:1    | Killed Blork the orc
 28069 | Orc:1    | Gained mutation: You can translocate small distances at will. [Jiyva's grace]
 28127 | Orc:1    | Found Tidd's Antique Weapon Shop.
 28209 | Orc:1    | Bought an iridescent trident for 272 gold pieces
 28209 | Orc:1    | Identified the +6 trident of the Genius {drain, rF- rN+++ Dex+7} (You bought it in a shop on level 1 of the Orcish Mines)
 28257 | Orc:2    | Found Sorul's Antique Weapon Boutique.
 28267 | Orc:2    | Noticed an orc warlord
 28298 | Orc:2    | Slimified an orc warlord
 28298 | Orc:2    | Noticed an acid blob
 28298 | Orc:2    | an orc warlord changed into an acid blob
 28300 | Orc:2    | Lost mutation: Your body has grown golden eyes which may confuse attackers. (Acc +3) [Jiyva's grace]
 28361 | Orc:2    | Killed an acid blob
 28368 | Orc:2    | Gained mutation: Your rubbery body absorbs attacks. (AC +1, EV +1) [Jiyva's grace]
 28381 | Orc:2    | Found Neeriniff's Antique Armour Boutique.
 28464 | Orc:2    | Lost mutation: You are very agile. (Dex +4) [Jiyva's grace]
 28486 | Orc:2    | Found Sybod's Assorted Antiques.
 28489 | Orc:2    | Bought a potion of might for 104 gold pieces
 28489 | Orc:2    | Bought a scroll of identify for 52 gold pieces
 28489 | Orc:2    | Bought a scroll of identify for 52 gold pieces
 28489 | Orc:2    | Bought a wand of enslavement (9) for 52 gold pieces
 28503 | Orc:2    | Learned a level 3 spell: Mephitic Cloud
 28767 | Orc:2    | Found Bizeck's Antique Weapon Shop.
 28960 | Orc:2    | Gained mutation: Your mind is acute. (Int +2) [Jiyva's grace]
 29063 | Orc:2    | Found Lufewn's Jewellery Shoppe.
 29073 | Orc:2    | Bought the ring of Uwkibb {rElec MR+ Int+2} for 518 gold pieces
 29080 | Orc:2    | Found a staircase to the Elven Halls.
 29083 | Orc:2    | Found Ateh's General Store.
 29092 | Orc:2    | Bought a scroll of identify for 26 gold pieces
 29092 | Orc:2    | Bought a scroll of identify for 26 gold pieces
 29352 | D:13     | Lost mutation: Your translucent skin slightly reduces your foes' accuracy. (Stealth) [Jiyva's grace]
 29360 | D:13     | Reached skill level 1 in Conjurations
 29411 | D:13     | Noticed a death ooze
 29411 | D:13     | a vampire changed into a death ooze
 29417 | D:13     | Reached skill level 1 in Poison Magic
 29452 | D:13     | Found a roughly hewn altar of Beogh.
 29539 | D:13     | Gained mutation: Your body has grown golden eyes which may confuse attackers. (Acc +3) [Jiyva's grace]
 29549 | D:13     | Lost mutation: Your mind is acute. (Int +2) [Jiyva's grace]
 29700 | D:13     | Noticed Rupert
 29863 | D:13     | Slimified Rupert
 29863 | D:13     | Noticed Rupert
 29863 | D:13     | Rupert changed into Rupert the acid blob
 29937 | D:13     | Gained mutation: You occasionally shout uncontrollably at your foes. [Jiyva's grace]
 30066 | D:13     | Identified the +5 bardiche of Ciclent {flame, rC- Str+2 SInv} (You found it on level 13 of the Dungeon)
 30157 | D:13     | Found the ring of the Mage {Wiz MR++ Int+3}
 30290 | D:13     | Lost mutation: You are agile. (Dex +2) [Jiyva's grace]
 30418 | Orc:1    | Bought the cursed +1 troll leather armour of Inference {+Fly rF+ Regen+} for 364 gold pieces
 30590 | D:14     | Reached XP level 14. HP: 103/118 MP: 10/21
 30726 | D:14     | Gained mutation: You are covered in fur. (AC +1) [Jiyva's grace]
 30840 | D:14     | Noticed an acid blob
 30840 | D:14     | a seven-headed hydra changed into an acid blob
 31218 | D:15     | Entered Level 15 of the Dungeon
 31221 | D:15     | Noticed an acid blob
 31221 | D:15     | a fire dragon changed into an acid blob
 31229 | D:15     | Lost mutation: You can translocate small distances at will. [Jiyva's grace]
 31298 | D:15     | Killed an acid blob
 31480 | D:15     | Reached skill level 10 in Polearms
 31567 | D:15     | Lost mutation: You have a small jelly attached to you that may absorb incoming projectiles. [Jiyva's grace]
 31604 | D:15     | Noticed Nessos
 31624 | D:15     | Killed Nessos
 31641 | D:15     | Lost mutation: You have acidic saliva. [Jiyva's grace]
 32043 | D:15     | Gained mutation: You are highly resistant to hostile enchantments. (MR++) [Jiyva's grace]
 32078 | D:15     | Found a staircase to the Depths.
 32284 | Swamp:1  | Entered Level 1 of the Swamp
 32621 | Swamp:1  | Noticed an azure jelly
 32621 | Swamp:1  | a spriggan druid changed into an azure jelly
 32633 | Swamp:1  | Was placed under penance by Jiyva
 33137 | D:14     | Found a gate to the Vaults.
 33142 | Vaults:1 | Entered Level 1 of the Vaults
 33222 | Vaults:1 | Noticed a vault warden
 33238 | Vaults:1 | Killed a vault warden
 33238 | Vaults:1 | Reached skill level 11 in Polearms
 33243 | Vaults:1 | Was forgiven by Jiyva
 33243 | Vaults:1 | Gained mutation: Your pliable body absorbs attacks. (AC +2, EV +2) [Jiyva's grace]
 33564 | Swamp:1  | Gained mutation: You have a pair of small horns on your head. [Jiyva's grace]
 33658 | Swamp:1  | Learned a level 3 spell: Ignite Poison
 33998 | Swamp:2  | Identified a scroll of acquirement
 34057 | Swamp:2  | Reached skill level 1 in Transmutations
 34070 | Swamp:2  | Paralysed by a hornet for 2 turns
 34238 | Swamp:1  | Reached skill level 1 in Fire Magic
 34562 | Swamp:2  | Gained mutation: Your flesh is cold resistant. (rC+) [Jiyva's grace]
 35011 | Swamp:3  | Learned a level 4 spell: Passage of Golubria
 35058 | Swamp:3  | Noticed Bai Suzhen
 35076 | Swamp:3  | Slimified Bai Suzhen
 35076 | Swamp:3  | Noticed Bai Suzhen
 35076 | Swamp:3  | Bai Suzhen changed into Bai Suzhen the azure jelly
 35282 | Swamp:3  | Gained mutation: Your movements are slightly less encumbered by armour. (ER -2) [Jiyva's grace]
 35294 | Swamp:4  | Entered Level 4 of the Swamp
 35336 | Swamp:3  | Reached XP level 15. HP: 86/124 MP: 17/24
 35425 | Swamp:4  | Gained mutation: You are covered in slimy tendrils that may disarm your opponents. [Jiyva's grace]
 35567 | Swamp:4  | Lost mutation: You have a small jelly attached to you that senses nearby items. [Jiyva's grace]
 35709 | Swamp:4  | Noticed a thorn hunter
 35723 | Swamp:4  | Reached skill level 12 in Polearms
 35725 | Swamp:4  | Killed a thorn hunter
 35781 | Swamp:4  | Gained mutation: Your body has grown many golden eyes which may confuse attackers. (Acc +5) [Jiyva's grace]
 35800 | Swamp:4  | Noticed an acid blob
 35800 | Swamp:4  | a six-headed hydra changed into an acid blob
 35913 | Swamp:4  | HP: 4/124 [five-headed hydra[a spriggan druid] (13)]
 35913 | Swamp:4  | HP: 1/124 [five-headed hydra[a spriggan druid] (3)]
 35930 | Swamp:4  | Killed an acid blob
 36122 | Swamp:4  | Gained mutation: You have acidic saliva. [Jiyva's grace]
 36232 | Swamp:4  | Got a decaying rune of Zot
 36256 | Swamp:4  | Gained mutation: You are somewhat resistant to further mutation. [Jiyva's grace]
 36559 | Spider:1 | Entered Level 1 of the Spider Nest
 37047 | Spider:1 | Reached skill level 13 in Polearms
 37557 | Spider:2 | Noticed Aizul
 38059 | Spider:2 | Slimified Aizul
 38059 | Spider:2 | Noticed Aizul
 38059 | Spider:2 | Aizul changed into Aizul the azure jelly
 38082 | Spider:2 | Lost mutation: You are somewhat resistant to further mutation. [Jiyva's grace]
 38082 | Spider:2 | Gained mutation: You evolve. [Jiyva's grace]
 38347 | Spider:2 | Lost mutation: You are highly resistant to hostile enchantments. (MR++) [Jiyva's grace]
 39188 | Spider:3 | Reached skill level 14 in Polearms
 39232 | Spider:3 | Lost mutation: You are resistant to hostile enchantments. (MR+) [Jiyva's grace]
 39702 | Spider:4 | Entered Level 4 of the Spider Nest
 39738 | Spider:3 | Gained mutation: You are clumsy. (Dex -2) [Jiyva's grace]
 39786 | Spider:4 | Noticed a ghost moth
 39975 | Spider:4 | Noticed a ghost moth
 40018 | Spider:4 | Slimified a ghost moth
 40018 | Spider:4 | a ghost moth changed into a slime creature
 40261 | Spider:3 | Reached skill level 10 in Fighting
 40724 | Spider:4 | Noticed Roxanne
 40785 | Spider:4 | Slimified a ghost moth
 40785 | Spider:4 | a ghost moth changed into a slime creature
 40803 | Spider:4 | Identified the Reference Book on Freezing Curses
 40809 | Spider:4 | Noticed an acid blob
 40809 | Spider:4 | an entropy weaver changed into an acid blob
 40809 | Spider:4 | Reached XP level 16. HP: 125/134 MP: 0/25
 41051 | Spider:4 | Lost mutation: Your flesh is cold resistant. (rC+) [Jiyva's grace]
 41440 | Spider:4 | Gained mutation: Your translucent skin slightly reduces your foes' accuracy. (Stealth) [Jiyva's grace]
 41503 | Spider:4 | Killed Roxanne
 41937 | Spider:4 | Gained mutation: You are robust. (+10% HP) [Jiyva's grace]
 42190 | Spider:4 | Got a gossamer rune of Zot
 42652 | Vaults:1 | Noticed a storm dragon
 42685 | Vaults:1 | Killed a storm dragon
 42853 | Vaults:1 | Reached skill level 5 in Conjurations
 43138 | Vaults:1 | Got a twisted hand axe {venom}
 43365 | Vaults:1 | Lost mutation: You are clumsy. (Dex -2) [Jiyva's grace]
 43383 | Vaults:1 | Lost mutation: Your pliable body absorbs attacks. (AC +2, EV +2) [Jiyva's grace]
 43443 | Vaults:1 | Reached skill level 15 in Polearms
 43461 | Vaults:1 | Gained mutation: You are agile. (Dex +2) [Jiyva's grace]
 43796 | Vaults:1 | Lost mutation: You have a pair of small horns on your head. [Jiyva's grace]
 43955 | Vaults:1 | Lost mutation: You are agile. (Dex +2) [Jiyva's grace]
 44177 | Vaults:2 | Lost mutation: You are robust. (+10% HP) [Jiyva's grace]
 44180 | Vaults:2 | Reached skill level 16 in Polearms
 44183 | Vaults:2 | Reached XP level 17. HP: 116/140 MP: 26/26
 44734 | Vaults:2 | Lost mutation: You occasionally shout uncontrollably at your foes. [Jiyva's grace]
 44791 | Vaults:2 | Gained mutation: Your mind is acute. (Int +2) [Jiyva's grace]
 44835 | Vaults:2 | Lost mutation: You evolve. [Jiyva's grace]
 45012 | Vaults:2 | Lost mutation: Your mind is acute. (Int +2) [Jiyva's grace]
 45059 | Vaults:2 | Lost mutation: Your rubbery body absorbs attacks. (AC +1, EV +1) [Jiyva's grace]
 45532 | Vaults:2 | Learned a level 5 spell: Fireball
 45559 | Vaults:2 | Reached skill level 17 in Polearms
 45630 | Vaults:2 | Lost mutation: You are covered in fur. (AC +1) [Jiyva's grace]
 46061 | Vaults:2 | Reached skill level 5 in Fire Magic
 46131 | Vaults:2 | Found a staircase to the Crypt.
 46142 | Vaults:2 | Gained mutation: You have a pair of small horns on your head. [Jiyva's grace]
 46244 | Vaults:2 | Found a portal to a secret trove of treasure.
 46307 | Vaults:2 | You paid a toll of 3 potions of resistance to enter a treasure trove
 46308 | Trove    | Entered a treasure trove
 46317 | Trove    | Got a twisted robe
 46319 | Trove    | Got a steaming robe
 46321 | Trove    | Got a polished centaur barding
 46323 | Trove    | Got a citrine-studded chain mail
 46325 | Trove    | Got a heavily runed buckler
 46346 | Trove    | Got a pair of spiked gloves
 46352 | Trove    | Identified the +0 pair of gloves "Cattatos" {rElec rPois SInv} (You found it in a treasure trove)
 46362 | Trove    | Identified the +1 centaur barding of Too Many Cooks {rF+ Int+3} (You found it in a treasure trove)
 46368 | Trove    | Identified the -1 buckler "Yruqaabinu" {rPois Regen+} (You found it in a treasure trove)
 46394 | Trove    | Got a heavily runed centaur barding
 46400 | Trove    | Identified the +0 centaur barding of Greed {rElec MR+} (You found it in a treasure trove)
 46404 | Trove    | Got a steaming ring mail
 46429 | Trove    | Identified the +1 chain mail of Wouqugee {rCorr} (You found it in a treasure trove)
 46440 | Trove    | Identified the +5 ring mail "Boozxova" {MR+ Str+3} (You found it in a treasure trove)
 46450 | Trove    | Identified the +3 robe of Hadjma {rF+ Int+3} (You found it in a treasure trove)
 46460 | Trove    | Identified the cursed +1 robe "Xilaro" {Regen+ Int+2 Dex+6} (You found it in a treasure trove)
 46483 | Trove    | Got a dazzling cloak
 46494 | Trove    | Identified the cursed -4 cloak "Fagum" {MR++} (You found it in a treasure trove)
 46507 | Trove    | Got a dazzling buckler
 46518 | Trove    | Identified the +1 buckler "Ucocougo" {*Corrode rF++} (You found it in a treasure trove)
 46519 | Trove    | Got a polished ring mail
 46530 | Trove    | Identified the cursed +1 ring mail of Midsummer {rF+ rC- Regen+} (You found it in a treasure trove)
 46599 | Trove    | Lost mutation: You have a pair of small horns on your head. [Jiyva's grace]
 46883 | Vaults:3 | Noticed Sojobo
 46889 | Vaults:3 | Slimified Sojobo
 46889 | Vaults:3 | Noticed Sojobo
 46889 | Vaults:3 | Sojobo changed into Sojobo the acid blob
 46913 | Vaults:3 | Gained mutation: Your rubbery body absorbs attacks. (AC +1, EV +1) [Jiyva's grace]
 47335 | Vaults:3 | Noticed Frederick
 47337 | Vaults:3 | Slimified Frederick
 47337 | Vaults:3 | Noticed Frederick
 47337 | Vaults:3 | Frederick changed into Frederick the azure jelly
 47352 | Vaults:3 | Gained mutation: Your spells are a little harder to cast, but a little more powerful. [Jiyva's grace]
 47617 | Vaults:3 | Lost mutation: Your movements are slightly less encumbered by armour. (ER -2) [Jiyva's grace]
 47673 | Vaults:3 | Gained mutation: You have a pair of small horns on your head. [Jiyva's grace]
 47738 | Vaults:3 | Gained mutation: You are somewhat resistant to further mutation. [Jiyva's grace]
 47960 | Vaults:3 | Lost mutation: You have acidic saliva. [Jiyva's grace]
 48174 | Vaults:3 | Got a jewelled ring mail
 48185 | Vaults:3 | Identified the cursed +1 ring mail "Virepn" {Str+4} (You found it on level 3 of the Vaults)
 48431 | Vaults:3 | Noticed Mara
 48452 | Vaults:3 | Noticed dstrtn's illusion
 48462 | Vaults:3 | Killed Mara
 48828 | Vaults:3 | Reached XP level 18. HP: 123/151 MP: 19/27
 49121 | Vaults:4 | Lost mutation: Your spells are a little harder to cast, but a little more powerful. [Jiyva's grace]
 49152 | Vaults:4 | Reached skill level 1 in Shields
 49182 | Vaults:4 | Noticed Jory
 49188 | Vaults:4 | Slimified Jory
 49188 | Vaults:4 | Noticed Jory
 49188 | Vaults:4 | Jory changed into Jory the death ooze
 49270 | Vaults:4 | Killed Jory the death ooze
 49274 | Vaults:4 | Noticed Xtahua
 49289 | Vaults:4 | Gained mutation: You are agile. (Dex +2) [Jiyva's grace]
 49335 | Vaults:4 | Found a flickering gateway to a bazaar.
 49340 | Bazaar   | Entered a bazaar
 49353 | Bazaar   | Found Ojyir's Food Shoppe.
 49353 | Bazaar   | Found Resanots's Magic Scroll Shoppe.
 49377 | Bazaar   | Found Feobbublaxt's Antique Armour Emporium.
 49377 | Bazaar   | Found Ylerhasa's Armour Emporium.
 49417 | Bazaar   | Bought a scroll of teleportation for 60 gold pieces
 49417 | Bazaar   | Bought 3 scrolls of blinking for 450 gold pieces
 49417 | Bazaar   | Bought a scroll of magic mapping for 70 gold pieces
 49417 | Bazaar   | Bought a scroll of fog for 40 gold pieces
 49417 | Bazaar   | Bought a scroll of enchant weapon for 150 gold pieces
 49503 | Vaults:4 | Noticed Boris
 49509 | Vaults:4 | Slimified Boris
 49509 | Vaults:4 | Noticed Boris
 49509 | Vaults:4 | Boris changed into Boris the death ooze
 49704 | Vaults:4 | Lost mutation: You are somewhat resistant to further mutation. [Jiyva's grace]
 49741 | Vaults:4 | Killed Boris the death ooze
 49755 | Vaults:4 | Gained mutation: Your body is covered in golden eyes which may confuse attackers. (Acc +7, SInv) [Jiyva's grace]
 49792 | Vaults:4 | Lost mutation: You are agile. (Dex +2) [Jiyva's grace]
 49864 | Vaults:4 | Slimified Xtahua
 49864 | Vaults:4 | Noticed Xtahua
 49864 | Vaults:4 | Xtahua changed into Xtahua the azure jelly
 49907 | Vaults:4 | Gained mutation: You have acidic saliva. [Jiyva's grace]
 50219 | Vaults:4 | Reached skill level 18 in Polearms
 50314 | Vaults:4 | Got a warped chain mail
 50325 | Vaults:4 | Identified the +3 chain mail of the Engineer {rF+ Stlth+} (You found it on level 4 of the Vaults)
 50528 | Vaults:4 | Lost mutation: Your rubbery body absorbs attacks. (AC +1, EV +1) [Jiyva's grace]
 50590 | Vaults:4 | Killed Xtahua the azure jelly
 50826 | Vaults:4 | Lost mutation: You have a pair of small horns on your head. [Jiyva's grace]
 51109 | Depths:1 | Entered Level 1 of the Depths
 51146 | Depths:1 | Was placed under penance by Jiyva
 51187 | Depths:1 | HP: 7/155 [jiangshi[a vampire mage] (15)]
 51189 | Depths:1 | HP: 3/155 [jiangshi[a vampire mage] (5)]
 51189 | Depths:1 | Mangled by a jiangshi

Skill      XL: |  1  2  3  4  5  6  7  8  9 10 11 12 13 14 15 16 17 18 |
---------------+-------------------------------------------------------+-----
Summonings     | 4 5 6 7 8 9 10 11 | 11.0
Spellcasting   | 2 3 4 5 6 |  6.0
Fighting       | 1 2 3 4 6 7 9 10 11 12 | 12.5
Polearms       | 1 2 4 7 8 9 11 14 16 17 18 | 18.2
Air Magic      | 4 6 |  6.0
Evocations     | 4 5 7 |  7.0
Armour         | 3 4 |  4.5
Ice Magic      | 3 5 |  5.0
Staves         | 4 7 8 |  8.6
Translocations | 5 |  5.1
Conjurations   | 3 4 5 6 |  6.0
Poison Magic   | 2 |  2.0
Transmutations | 3 4 |  4.1
Fire Magic     | 2 4 5 |  5.0
Dodging        | 3 4 |  4.0
Shields        | 2 |  2.4
Stealth        | |  1.1

Action                   |  1- 3 |  4- 6 |  7- 9 | 10-12 | 13-15 | 16-18 || total
-------------------------+-------+-------+-------+-------+-------+-------++-------
Melee: Unarmed           |    23 |       |       |       |       |       ||    23
       Short sword       |    84 |     1 |       |       |       |       ||    85
       Kick              |    14 |    25 |    69 |   139 |   442 |   415 ||  1104
       Club              |     2 |       |       |       |       |       ||     2
       Spear             |       |   162 |   137 |   846 |    86 |       ||  1231
       Dagger            |       |    19 |   273 |       |       |       ||   292
       Staff             |       |       |       |   133 |   924 |    47 ||  1104
       Bite              |       |       |       |       |   120 |   147 ||   267
       Trident           |       |       |       |       |   743 |  1184 ||  1927
       Headbutt          |       |       |       |       |   148 |   139 ||   287
       Bardiche          |       |       |       |       |     1 |       ||     1
       Demon trident     |       |       |       |       |       |   324 ||   324
 Fire: Hunting sling     |       |     2 |       |       |       |       ||     2
       Blowgun           |       |       |     4 |       |       |       ||     4
Throw: Stone             |    12 |       |     1 |     2 |       |       ||    15
 Cast: Summon Small Mamm |    26 |     1 |       |       |       |       ||    27
       Call Imp          |    14 |    14 |    31 |    22 |       |       ||    81
       Call Canine Famil |     3 |     7 |    30 |    47 |     3 |     6 ||    96
       Summon Lightning  |       |       |     3 |   109 |    95 |    56 ||   263
       Summon Guardian G |       |       |       |     3 |       |       ||     3
       Summon Ice Beast  |       |       |       |    46 |   143 |    42 ||   231
       Mephitic Cloud    |       |       |       |       |    99 |   116 ||   215
       Blink             |       |       |       |       |     5 |       ||     5
       Ignite Poison     |       |       |       |       |     3 |     7 ||    10
       Passage of Golubr |       |       |       |       |       |     3 ||     3
Invok: Request Jelly     |       |       |       |     8 |    10 |     7 ||    25
       Slimify           |       |       |       |     2 |    37 |    16 ||    55
 Abil: Evoke Flight      |       |       |       |       |    27 |       ||    27
Evoke: Wand              |       |     2 |    13 |    20 |    33 |     4 ||    72
       Lamp of fire      |       |       |       |       |     3 |     6 ||     9
       Lightning rod     |       |       |       |       |     5 |     8 ||    13
       Fan of gales      |       |       |       |       |     1 |     2 ||     3
       Phantom mirror    |       |       |       |       |     1 |       ||     1
       Phial of floods   |       |       |       |       |       |     3 ||     3
  Use: Potion            |     3 |       |     6 |     4 |     5 |     9 ||    27
       Scroll            |       |     6 |    10 |    18 |    22 |    15 ||    71
 Stab: Sleeping          |       |     1 |       |       |       |       ||     1
       Paralysed         |       |     3 |       |       |    16 |       ||    19
       Distracted        |       |       |       |    14 |    22 |    16 ||    52
       Petrified         |       |       |       |    10 |       |       ||    10
       Fleeing           |       |       |       |     1 |       |       ||     1
       Confused          |       |       |       |       |    45 |    97 ||   142
  Eat: Chunk             |     6 |     8 |    14 |    25 |     4 |       ||    57
       Ration            |       |       |     4 |     9 |       |       ||    13
Armor: Robe              |    53 |    17 |       |       |       |       ||    70
       Ring mail         |       |    53 |   158 |   267 |   310 |   155 ||   943
       Troll leather arm |       |       |       |       |   730 |   263 ||   993
Dodge: Dodged            |    74 |    43 |    79 |   130 |   576 |   288 ||  1190
Block: Other             |     2 |    13 |    39 |    61 |   158 |    80 ||   353
       Reflection        |       |     2 |     1 |     2 |     2 |    10 ||    17
